 Dungeon Crawl Stone Soup version 0.26-a0-682-g294304f6e8 (webtiles) character file.

Game seed: 9488844077228443384

(classic levelgen) 627 EnegeticOcto the Digger (level 7, -2/41 HPs)
             Began as a Halfling Earth Elementalist on Oct 20, 2020.
             Was an Initiate of Cheibriados.
             Slain by a boulder beetle zombie (21 damage)
             ... animated by the malice of Kikubaaqudgha
             ... on level 5 of the Dungeon.
             The game lasted 00:07:53 (1051 turns).

EnegeticOcto the Digger (HaEE)                      Turns: 1051, Time: 00:07:54

Health: -2/41      AC: 11    Str: 10      XL:     7   Next: 77%
Magic:  9/9        EV: 14    Int: 14 (16) God:    Cheibriados [......]
Gold:   104        SH:  4    Dex: 16      Spells: 1/9 levels left

rFire    . . .     SeeInvis .   g - +2 flail (protect)
rCold    . . .     Faith    .   u - +0 buckler
rNeg     . . .     Spirit   .   c - +0 robe
rPois    .         Reflect  .   r - +0 helmet
rElec    .         Harm     .   (no cloak)
rCorr    .         Rampage  .   e - +0 pair of gloves
MR       .....                  (no boots)
Stlth    ++........             (no amulet)
HPRegen  0.13/turn              (no ring)
MPRegen  0.11/turn              (no ring)

@: protection aura, very slow
A: small, mutation resistance 1
a: Bend Time, Renounce Religion


You were on level 5 of the Dungeon.
You worshipped Cheibriados.
Cheibriados was noncommittal.
You visited 2 branches of the dungeon, and saw 6 of its levels.

You collected 104 gold pieces.

Inventory:

Hand Weapons
 g - a +2 flail of protection (weapon)
 l - a +0 trident
 q - a +0 whip of flaming
 s - a +0 long sword
Missiles
 b - 35 stones (quivered)
 t - 2 throwing nets {!f}
 w - 7 atropa-tipped darts
Armour
 c - a +0 robe (worn)
 e - a +0 pair of gloves (worn)
 m - a +0 leather armour of magic resistance
 r - a +0 helmet (worn)
 u - a +0 buckler (worn)
Jewellery
 v - an uncursed ring of stealth
Wands
 o - a wand of iceblast (1) {@v2}
Scrolls
 a - 5 scrolls of identify {unknown}
 f - 3 scrolls of remove curse {@r2}
 h - a scroll of amnesia {unknown}
 j - a scroll of immolation {unknown}
Potions
 i - a potion of invisibility {unknown}
 k - a potion of berserk rage {unknown}
 n - a potion of heal wounds {unknown}
 p - a potion of degeneration {unknown}


   Skills:
 + Level 4.3 Long Blades
 - Level 2.1 Dodging
 - Level 2.1 Stealth
 + Level 0.1 Shields
 - Level 1.5 Spellcasting
 + Level 0.0 Necromancy
 - Level 0.5 Transmutations
 - Level 7.0 Earth Magic


You had one spell level left.
You knew the following spells:

 Your Spells              Type           Power        Failure   Level
a - Sandblast             Erth           ###...       2%          1
b - Vampiric Draining     Necr           #.........   75%         3
p - Passwall              Tmut/Erth      ##......     13%         2
H - Sublimation of Blood  Necr           #.........   52%         2

Your spell library contained the following spells:

 Spells                   Type           Power        Failure   Level
 Pain                     Necr           #...         36%         1
 Stone Arrow              Conj/Erth      ##....       28%         3
 Corpse Rot               Necr/Air       N/A          52%         2
 Lee's Rapid Deconstruct  Erth           ###.......   52%         5
 Petrify                  Tmut/Erth      ##......     63%         4


Dungeon Overview and Level Annotations

Branches:
Dungeon (5/15)             Temple (1/1) D:5

Altars:
Ashenzari
Cheibriados
Dithmenos
Elyvilon
Fedhas
Gozag
Kikubaaqudgha
Nemelex Xobeh
Okawaru
Ru
Sif Muna
Trog
Uskayaw
Vehumet
Wu Jian
Xom
Yredelemnul
Zin


Innate Abilities, Weirdness & Mutations

You are small and have problems with some larger weapons.
You are somewhat resistant to further mutation.


Message History

There is a staircase back to the Dungeon here.
Memorise Passwall, consuming 2 spell levels and leaving 6?
You start memorising the spell.
You continue memorising. x2
You finish memorising.
Spell assigned to 'p'.
This spell is extremely dangerous to cast!
Memorise Vampiric Draining, consuming 3 spell levels and leaving 3?
You start memorising the spell.
You continue memorising. x3
You finish memorising.
Spell assigned to 'b'.
This spell is dangerous to cast!
Memorise Sublimation of Blood, consuming 2 spell levels and leaving 1?
You start memorising the spell.
You continue memorising. x2
You finish memorising.
Spell assigned to 'c'.
Adjust (i)tems, (s)pells, or (a)bilities?
Adjust which spell? c - Sublimation of Blood Adjust to which letter?
H - Sublimation of Blood You climb upwards.
Welcome back to the Dungeon!
There is a staircase to the Ecumenical Temple here.
Found 22 sling bullets, 7 gold pieces and a scroll of remove curse.
You now have 104 gold pieces (gained 7).
You open the door.
Found a blossoming altar of Fedhas and a sacrificial altar of Ru.
There is an open door here.
Found 7 atropa-tipped darts.
f - 3 scrolls of remove curse {@r2} (gained 1)
You see here 7 atropa-tipped darts.
w - 7 atropa-tipped darts As you open the door, it creaks loudly!
There is an open door here.
You open the door.
There is an open door here.
You open the door.
There is an open door here.
You open the door.
There is an open door here.
There is an open door here.
Found a shimmering altar of Xom.
A shadow imp comes into view.
The shadow imp shouts, "Give in, thou infectious tip-merry mug-up!"
Which direction?
You close the door.
A shadow imp opens the door.
Casting: Sandblast (safe; 1% risk of failure)
Confirm with . or Enter, or press ? or * to list all spells.
Aiming: Sandblast (safe; 1% risk of failure)
Press: ? - help, Shift-Dir - straight line, f - shadow imp
Aim: a shadow imp The blast of sand hits the shadow imp!
The shadow imp is almost dead.
b - 36 stones You hit the shadow imp.
Your weapon exudes an aura of protection.
The shadow imp is almost dead.
The shadow imp barely misses you.
You closely miss the shadow imp.
The shadow imp is almost dead.
The shadow imp hits you but does no damage.
The shadow imp shouts, "Return whence thou came, thou foisting base-court slabber!"
The shadow imp gestures at you. Pain shoots through your body!
Casting: Sandblast (safe; 1% risk of failure)
Confirm with . or Enter, or press ? or * to list all spells.
Aiming: Sandblast (safe; 1% risk of failure)
Press: ? - help, Shift-Dir - straight line, f/p - shadow imp
Aim: a shadow imp (almost dead)
The blast of sand hits the shadow imp!
You kill the shadow imp!
Cheibriados appreciates the change of pace.
b - 35 stones
Found 18 arrows.
There is an open door here.
Kikubaaqudgha's malice focuses upon you.
You are engulfed in negative energy!
You feel dopey.
The dead are walking!
The divine experience confuses you!
You are confused. 3 zombies come into view.
You hit the boulder beetle zombie but do no damage.
Your weapon exudes an aura of protection.
Really quaff
d - a potion of curing {@q1 !q}?
You feel better.
You hit the ogre zombie.
The ogre zombie is lightly damaged.
The ogre zombie hits you but does no damage.
The boulder beetle zombie bites you.
You hit the ogre zombie.
The ogre zombie is lightly damaged.
You block the boulder beetle zombie's attack.
The ogre zombie barely misses you. The boulder beetle zombie bites you!
The ogre zombie barely misses you.
You hit the ogre zombie.
The ogre zombie is lightly damaged.
The boulder beetle zombie barely misses you.
The ogre zombie misses you.
You hit the ogre zombie.
The ogre zombie is moderately damaged.
The boulder beetle zombie bites you!!
Ouch! That really hurt!
You die...

#.# #...# #.#
#...#
#.#######...#
#...........#
###########.#
##########.#
#.......##.#
#Z####.###.#
#@# #.#
###Z####.# #.#
#..Z.....# #.#
#.#.########.#
#.#..........#
#.############
#. #. #.


You could see a boulder beetle zombie, an ogre zombie and a howler monkey
zombie.

Vanquished Creatures
  Prince Ribbit (D:5)
  A phantom (D:5)
  An ogre (D:5)
  A gnoll sergeant (D:5)
  A bullfrog zombie (D:5)
  An orc wizard (D:3)
  7 gnolls (D:5)
  An adder (D:2)
  A shadow imp (D:5)
  A white imp (D:5)
  2 leopard geckos (D:3)
  11 orcs (D:3)
  2 ball pythons
  A giant cockroach (D:3)
  5 goblins
  5 hobgoblins
  2 jackals (D:2)
  2 kobolds
  A quokka (D:5)
  5 bats
  5 frilled lizards
  4 rats
61 creatures vanquished.

Notes
Turn   | Place    | Note
-------+----------+-------------------------------------------
     0 | D:1      | EnegeticOcto the Halfling Earth Elementalist began the
                  | quest for the Orb.
     0 | D:1      | Reached XP level 1. HP: 11/11 MP: 3/3
   107 | D:2      | Reached XP level 2. HP: 15/17 MP: 1/4
   334 | D:3      | Reached skill level 4 in Earth Magic
   334 | D:3      | Reached XP level 3. HP: 21/21 MP: 0/5
   387 | D:3      | Reached XP level 4. HP: 27/27 MP: 4/6
   515 | D:3      | Reached skill level 5 in Earth Magic
   576 | D:3      | Found a faded altar of an unknown god.
   666 | D:3      | Became a worshipper of Kikubaaqudgha
   666 | D:3      | Reached * piety under Kikubaaqudgha
   666 | D:3      | Identified Kikubaaqudgha's Handbook of Darkness
                  | (Kikubaaqudgha gifted it to you on level 3 of the Dungeon)
   666 | D:3      | Received a gift from Kikubaaqudgha
   700 | D:3      | Reached XP level 5. HP: 8/31 MP: 3/7
   741 | D:5      | Entered Level 5 of the Dungeon
   759 | D:5      | Noticed a phantom
   769 | D:5      | Killed a phantom
   769 | D:5      | Reached skill level 1 in Long Blades
   789 | D:5      | Reached skill level 2 in Long Blades
   789 | D:5      | Reached XP level 6. HP: 12/36 MP: 0/8
   834 | D:5      | Noticed Prince Ribbit
   839 | D:5      | Killed Prince Ribbit
   839 | D:5      | Reached skill level 3 in Long Blades
   839 | D:5      | Reached skill level 6 in Earth Magic
   839 | D:5      | Reached XP level 7. HP: 20/41 MP: 2/9
   851 | D:5      | Reached skill level 4 in Long Blades
   858 | D:5      | Reached skill level 7 in Earth Magic
   865 | D:5      | Found a staircase to the Ecumenical Temple.
   882 | Temple   | Entered the Ecumenical Temple
   904 | Temple   | Fell from the grace of Kikubaaqudgha
   904 | Temple   | Became a worshipper of Cheibriados the Contemplative
   924 | Temple   | Learned a level 2 spell: Passwall
   928 | Temple   | Learned a level 3 spell: Vampiric Draining
   931 | Temple   | Learned a level 2 spell: Sublimation of Blood
   942 | D:5      | Found a blossoming altar of Fedhas.
   942 | D:5      | Found a sacrificial altar of Ru.
   987 | D:5      | Found a shimmering altar of Xom.
  1051 | D:5      | Slain by a boulder beetle zombie

Illustrated notes

Levels and vault maps discovered:
D:1:      saegor_arrival_simple_a, layout_basic
D:2:      layout_loops_ring, minmay_stone_trees_small, uniq_terence,
          uniq_sigmund
D:3:      layout_basic, chequers_ecumenical_altar_simple_redux,
          minmay_misc_feat_encased
D:4:      layout_gridville
D:5:      layout_basic, gammafunk_temple_overflow_elements,
          minmay_temple_entry_wispy, serial_shops, kennysheep_mini,
          led_xom_imps, uniq_prince_ribbit1
Temple:   lightli_temple_of_artemis

Skill      XL: |  1  2  3  4  5  6  7 |
---------------+----------------------+-----
Earth Magic    | 4 5 6 7 |  7.0
Long Blades    | 2 3 4 |  4.3
Dodging        | |  2.1
Stealth        | |  2.1
Shields        | |  0.1
Spellcasting   | |  1.5
Transmutations | |  0.5

Action                   |  1- 3 |  4- 6 |  7- 9 || total
-------------------------+-------+-------+-------++-------
Melee: Unarmed           |     7 |       |       ||     7
       Trident           |     9 |    79 |       ||    88
       Long sword        |       |     1 |       ||     1
       Flail             |       |       |    20 ||    20
 Cast: Sandblast         |    19 |    29 |     7 ||    55
Evoke: Wand              |       |     4 |     6 ||    10
  Use: Scroll            |       |     2 |       ||     2
       Potion            |       |       |     1 ||     1
 Stab: Sleeping          |       |     1 |       ||     1
Armor: Robe              |     3 |    16 |     7 ||    26
Dodge: Dodged            |    19 |    77 |    16 ||   112
Block: Buckler           |       |       |     1 ||     1
       Rpst.: Long sword |       |     1 |       ||     1

Table legend: (Time is in decaauts)
 A = Elapsed time spent in this place.
 B = Non-inter-level travel time spent in this place.
 C = Inter-level travel time spent in this place.
 D = Time resting spent in this place.
 E = Time spent auto-exploring this place.
 F = Levels seen in this place.
 G = Mean time per level.
                   A        B        C        D        E       F      G
               +--------+--------+--------+--------+--------+-----+--------+
         Total |   1119 |   1098 |     21 |      0 |      0 |   6 |  186.5 |
       Dungeon |   1065 |   1044 |     21 |      0 |      0 |   5 |  213.0 |
        Temple |     54 |     54 |      0 |      0 |      0 |   1 |   54.0 |
               +--------+--------+--------+--------+--------+-----+--------+

Top non-repeatable levels by time:
     D:3: 451 daAuts
     D:5: 291 daAuts
     D:2: 205 daAuts
     D:1: 108 daAuts
  Temple: 54 daAuts
     D:4: 9 daAuts
